 Dungeon Crawl Stone Soup version 0.29-a0-418-gc0181ea820 (webtiles) character file.

Game seed: 11169787603328125686

6932 quokkamancerX the Grappler (level 10, -9/88 HPs)
             Began as a Troll Fighter on May 17, 2022.
             Was a Believer of Makhleb.
             Mangled by an eight-headed hydra (13 damage)
             ... on level 8 of the Dungeon.
             The game lasted 00:39:19 (6790 turns).

quokkamancerX the Grappler (Troll Fighter)          Turns: 6790, Time: 00:39:19

Health: -9/88      AC: 13    Str: 26    XL:     10   Next: 80%
Magic:  13/13      EV:  8    Int:  6    God:    Makhleb [**....]
Gold:   209        SH:  9    Dex: 11    Spells: 9/9 levels left

rFire   . . .      SeeInvis .     - Unarmed
rCold   . . .      Faith    .   b - +0 kite shield
rNeg    + . .      Spirit   .   l - +0 pearl dragon scales
rPois   .          Reflect  .   (helmet restricted)
rElec   .          Harm     .   (no cloak)
rCorr   .          Rampage  .   (gloves unavailable)
Will    .....                   (boots unavailable)
Stlth   ..........              (no amulet)
HPRegen 1.04/turn               (no ring)
MPRegen 0.13/turn               (no ring)

@: hasted, very quick
A: large, unfitting armour, claws 3, regeneration 1, shaggy fur 1, tough skin 1
a: Renounce Religion, Minor Destruction


You were on level 8 of the Dungeon.
You worshipped Makhleb.
Makhleb was pleased with you.
You visited 1 branch of the dungeon, and saw 8 of its levels.

You collected 391 gold pieces.
You spent 182 gold pieces at shops.

Inventory:

Missiles
 f - 19 poisoned darts
 j - 2 curare-tipped darts
Armour
 b - a +0 kite shield (worn)
 l - +0 pearl dragon scales (worn)
Wands
 y - a wand of flame (28) (quivered)
Scrolls
 d - a scroll of magic mapping {unknown}
 i - a scroll of identify
 m - 2 scrolls of poison
 n - a scroll of silence {unknown}
 o - a scroll of immolation {unknown}
 p - a scroll of teleportation {unknown}
 r - 2 scrolls of enchant armour
 t - a scroll of enchant weapon {unknown}
 u - a scroll of blinking {unknown}
 v - 2 scrolls of fog
 x - 2 scrolls of vulnerability
Potions
 a - a potion of lignification {unknown}
 c - 3 potions of magic
 e - 2 potions of flight
 g - 2 potions of resistance
 k - 3 potions of curing
 q - a potion of haste
 s - a potion of mutation {unknown}
 z - 2 potions of brilliance


   Skills:
 - Level 2.4 Fighting
 - Level 2.4 Armour
 + Level 5.5 Dodging
 - Level 6.0 Shields
 + Level 12.5 Unarmed Combat
 - Level 6.0 Invocations


You had 9 spell levels left.
You didn't know any spells.
Your spell library contained the following spells:

 Spells                   Type           Power      Damage    Failure   Level
 Summon Small Mammal      Summ           0%         N/A       96%         1
 Scorch                   Fire           0%         2d5       99%         2
 Static Discharge         Conj/Air       0%         N/A       99%         2
 Sublimation of Blood     Necr           0%         N/A       99%         2
 Wereblood                Tmut           0%         N/A       99%         2
 Call Canine Familiar     Summ           0%         N/A       100%        3
 Ozocubu's Armour         Ice            0%         N/A       100%        3
 Summon Guardian Golem    Hex/Summ       0%         N/A       100%        3
 Tukima's Dance           Hex            0%         N/A       100%        3
 Dispel Undead            Necr           0%         3d6       100%        4
 Flame Wave               Conj/Fire      0%         2d4       100%        4
 Passage of Golubria      Tloc           0%         N/A       100%        4
 Sticky Flame             Conj/Fire      0%         2d3       100%        4
 Yara's Violent Unravell  Hex/Tmut       0%         3d3       100%        5
 Summon Cactus Giant      Summ           0%         N/A       100%        6
 Ozocubu's Refrigeration  Ice            0%         4d5       100%        7
 Summon Hydra             Summ           0%         N/A       100%        7


Dungeon Overview and Level Annotations

Branches:
Dungeon (8/15)             Temple (0/1) D:7
   Lair: D:8-11

Altars:
Makhleb
Trog
Vehumet
Wu Jian

Shops:
D:4 *   D:5 *   D:6 [

Annotations:
D:3 1 runed translucent door, HuGe's ghost, amateur MiBe
D:5 2 runed translucent doors, GayMysterio's ghost, amateur GrEE


Innate Abilities, Weirdness & Mutations

You are too large for most types of armour.
You have claws for hands.
Your natural rate of healing is unusually fast.
You are covered in fur. (AC +1)
You have tough skin. (AC +1)


Message History

The eight-headed hydra is lightly wounded.
You block the eight-headed hydra's attack.
The eight-headed hydra bites you but does no damage.
The eight-headed hydra bites you.
* * * LOW HITPOINT WARNING * * *
The eight-headed hydra bites you.
* * * LOW HITPOINT WARNING * * *
The eight-headed hydra bites you but does no damage.
The eight-headed hydra completely misses you.
You block the eight-headed hydra's attack.
The eight-headed hydra bites you!
* * * LOW HITPOINT WARNING * * *
Aiming: Minor Destruction (1% risk of failure)
Press: ? - help, Shift-Dir - straight line, f/p - eight-headed hydra
Aim: an eight-headed hydra (lightly wounded)
The puff of flame misses the eight-headed hydra.
Aiming: Minor Destruction (1% risk of failure)
Press: ? - help, Shift-Dir - straight line, f/p - eight-headed hydra
Aim: an eight-headed hydra (lightly wounded)
The stone arrow hits the eight-headed hydra!
The eight-headed hydra is moderately wounded.
The eight-headed hydra bites you.
* * * LOW HITPOINT WARNING * * *
You block the eight-headed hydra's attack.
The eight-headed hydra bites you but does no damage. x2
The eight-headed hydra barely misses you.
The eight-headed hydra bites you but does no damage. x2
The eight-headed hydra closely misses you.
Aiming: Minor Destruction (1% risk of failure)
Press: ? - help, Shift-Dir - straight line, f/p - eight-headed hydra
Aim: an eight-headed hydra (moderately wounded)
The eight-headed hydra easily resists.
The eight-headed hydra bites you.
* * * LOW HITPOINT WARNING * * *
The eight-headed hydra barely misses you.
You block the eight-headed hydra's attack. x2
The eight-headed hydra bites you.
* * * LOW HITPOINT WARNING * * *
The eight-headed hydra bites you but does no damage.
The eight-headed hydra bites you!
You die...

.#......# ......#
.......<###.....#
.#........#>....#
.#....###....########
#####..###.#...##...##
# ##..##...h.......##
# ##.##............# #
####.....D......#
#......@.....#
##..........##
##...##...##
##########


You could see an eight-headed hydra and a howler monkey (catching breath).

Vanquished Creatures
  A boulder beetle (D:7)
  A centaur warrior (D:8)
  A skeletal warrior (D:7)
  Pikel (D:6)
  An ugly thing (D:8)
  A manticore (D:8)
  A troll (D:8)
  2 yaks (D:8)
  A steam dragon (D:8)
  Menkaure (D:6)
  A vampire mosquito (D:7)
  2 water moccasins (D:8)
  A black bear (D:8)
  A sky beast (D:7)
  3 centaurs
  5 ogres
  A kobold brigand (D:7)
  2 gnoll sergeants
  3 bullfrogs
  A scorpion (D:5)
  2 necrophages
  10 wights
  A killer bee (D:8)
  2 hounds
  A gnoll shaman (D:8)
  10 orc priests
  2 iguanas
  9 orc wizards
  9 gnolls
  4 adders
  An ufetubus (D:7)
  A worm (D:4)
  31 orcs
  5 ball pythons
  4 bats
  4 endoplasms
  6 giant cockroaches
  7 goblins
  10 hobgoblins
  15 kobolds
  5 quokkas
  6 frilled lizards
  7 rats
183 creatures vanquished.

Vanquished Creatures (others)
  A wizard (D:8)
  A white imp (D:8)
  38 plants (D:8)
40 creatures vanquished.

Grand Total: 223 creatures vanquished

Notes
Turn   | Place    | Note
-------+----------+-------------------------------------------
     0 | D:1      | quokkamancerX the Troll Fighter began the quest for the
                  | Orb.
     0 | D:1      | Reached XP level 1. HP: 22/22 MP: 0/0
   170 | D:1      | Reached XP level 2. HP: 29/29 MP: 1/1
   333 | D:1      | Reached XP level 3. HP: 21/36 MP: 2/2
   743 | D:2      | Reached skill level 3 in Unarmed Combat
   886 | D:2      | Found a faded altar of an unknown god.
  1104 | D:2      | Reached XP level 4. HP: 44/44 MP: 3/3
  1938 | D:3      | Reached XP level 5. HP: 50/50 MP: 4/4
  2390 | D:3      | Found a runed translucent door.
  2391 | D:3      | Noticed HuGe's ghost (amateur MiBe)
  2500 | D:4      | Found Datyr's General Store.
  2520 | D:4      | Bought a scroll of fog for 28 gold pieces
  2520 | D:4      | Bought a scroll of enchant armour for 105 gold pieces
  2557 | D:4      | Reached skill level 4 in Unarmed Combat
  2573 | D:4      | Found an ornate altar of the Wu Jian Council.
  2617 | D:4      | Found a bloodstained altar of Trog.
  2919 | D:4      | Noticed an ogre
  2941 | D:4      | Killed an ogre
  2942 | D:4      | Reached XP level 6. HP: 8/59 MP: 5/5
  3193 | D:4      | Bought a scroll of poison for 49 gold pieces
  3223 | D:5      | Entered Level 5 of the Dungeon
  3294 | D:5      | Found a radiant altar of Vehumet.
  3407 | D:5      | Reached skill level 5 in Shields
  3407 | D:5      | Reached skill level 5 in Unarmed Combat
  3668 | D:5      | Reached XP level 7. HP: 52/66 MP: 6/6
  3730 | D:5      | Found a large runed translucent door.
  3730 | D:5      | Found a large runed translucent door.
  3733 | D:5      | Noticed GayMysterio's ghost (amateur GrEE)
  3962 | D:5      | Found Yzidomo's Assorted Antiques.
  4000 | D:5      | Found a burning altar of Makhleb.
  4061 | D:5      | Became a worshipper of Makhleb the Destroyer
  4261 | D:6      | Reached skill level 6 in Unarmed Combat
  4423 | D:6      | Reached skill level 7 in Unarmed Combat
  4531 | D:6      | Reached XP level 8. HP: 73/74 MP: 7/7
  4563 | D:6      | Reached skill level 8 in Unarmed Combat
  4568 | D:6      | Found Ravos's Antique Armour Shoppe.
  4597 | D:6      | Reached skill level 1 in Invocations
  4618 | D:6      | Noticed Menkaure
  4654 | D:6      | Killed Menkaure
  4927 | D:6      | Noticed Pikel
  4937 | D:6      | Killed Pikel
  4938 | D:6      | Reached skill level 9 in Unarmed Combat
  4938 | D:6      | Reached XP level 9. HP: 69/80 MP: 9/11
  5335 | D:7      | Found a staircase to the Ecumenical Temple.
  5386 | D:7      | Reached * piety under Makhleb
  5524 | D:7      | Reached skill level 5 in Invocations
  5636 | D:7      | Reached skill level 10 in Unarmed Combat
  5678 | D:7      | Noticed a skeletal warrior
  5709 | D:7      | Killed a skeletal warrior
  5839 | D:7      | Noticed a boulder beetle
  5851 | D:7      | Killed a boulder beetle
  5852 | D:7      | Reached skill level 11 in Unarmed Combat
  5852 | D:7      | Identified the +6 hunting sling of the Trees {venom, Drain
                  | rPois Int+3}
  5887 | D:7      | Found the +12 pair of quick blades "Gyre" and "Gimble"
                  | {protect}
  5936 | D:7      | Reached XP level 10. HP: 88/88 MP: 13/13
  6276 | D:7      | Reached ** piety under Makhleb
  6489 | D:8      | Noticed a centaur warrior
  6490 | D:8      | Noticed a purple ugly thing
  6513 | D:8      | Killed a centaur warrior
  6520 | D:8      | Killed a purple ugly thing
  6553 | D:8      | Reached skill level 12 in Unarmed Combat
  6576 | D:8      | Noticed a manticore
  6601 | D:8      | Killed a manticore
  6608 | D:8      | Reached skill level 5 in Dodging
  6620 | D:8      | Noticed a wizard
  6635 | D:8      | Killed a wizard
  6636 | D:8      | Noticed a seven-headed hydra
  6790 | D:8      | HP: 4/88 [eight-headed hydra (1)]
  6790 | D:8      | Mangled by an eight-headed hydra

Illustrated notes

Levels and vault maps discovered:
D:1:      minmay_arrival_nine_rooms, layout_basic, serial_rivers,
          chequers_serial_rivers_micro_d, chequers_serial_rivers_large_b,
          chequers_serial_rivers_room_b, chequers_serial_rivers_room_b,
          minmay_misc_feat_rugged
D:2:      layout_basic, serial_corexii_hall, corexii_hall_statues_t,
          chequers_hall_statues_wall_a, shapermc_ecumenical_altar_notcrosses,
          wander_ebering_terrifying_dragon_lair
D:3:      layout_loops_ring, ebering_ghost_reflecting_pool,
          minmay_misc_feat_secret_circle
D:4:      layout_gridville, mainiacjoe_overflow_large_starburst, serial_shops,
          nicolae_square_shop, minmay_misc_feat_tiny
D:5:      layout_basic, nicolae_vehumet_altar_sigil,
          mainiacjoe_overflow_concentric_impassable, serial_shops,
          nicolae_diamond_shop, ebering_ghost_disaster_area
D:6:      layout_basic, serial_shops, shop, uniq_pikel, uniq_menkaure
D:7:      minmay_blocky_corners, layout_loops_ring, temple_pool_b
D:8:      nzn_winding_woodlands_large [nzn_winding_woodlands_5x5_cross,
          nzn_winding_woodlands_5x15_crooked, nzn_winding_woodlands_5x5_three,
          nzn_winding_woodlands_center_pierced_h,
          nzn_winding_woodlands_15x15_five_gardens,
          nzn_winding_woodlands_center_diamonds,
          nzn_winding_woodlands_5x5_closed_star,
          nzn_winding_woodlands_5x15_pockets,
          nzn_winding_woodlands_5x5_open_star], layout_rooms

Skill      XL: |  1  2  3  4  5  6  7  8  9 10 |
---------------+-------------------------------+-----
Shields        | 3 4 5 6 |  6.0
Unarmed Combat | 3 4 5 7 9 11 12 | 12.5
Invocations    | 4 6 |  6.0
Armour         | 2 |  2.4
Dodging        | 5 |  5.5
Fighting       | |  2.4

Action                   |  1- 3 |  4- 6 |  7- 9 | 10-12 || total
-------------------------+-------+-------+-------+-------++-------
Melee: Unarmed           |   103 |   146 |   207 |   145 ||   601
Throw: Dart              |    12 |    14 |     4 |       ||    30
Invok: Minor Destruction |       |       |       |     3 ||     3
Evoke: Wand              |       |       |     5 |     7 ||    12
  Use: Potion            |     1 |       |     6 |     2 ||     9
       Scroll            |     3 |     2 |     7 |     1 ||    13
 Stab: Sleeping          |     1 |       |       |       ||     1
Armor: Robe              |    23 |       |       |       ||    23
       Pearl dragon scal |     3 |    45 |    55 |    73 ||   176
Dodge: Dodged            |    25 |    34 |    39 |    44 ||   142
Block: Kite shield       |    22 |    55 |    65 |    65 ||   207

Table legend: (Time is in decaauts)
 A = Elapsed time spent in this place.
 B = Non-inter-level travel time spent in this place.
 C = Inter-level travel time spent in this place.
 D = Time resting spent in this place.
 E = Time spent auto-exploring this place.
 F = Levels seen in this place.
 G = Mean time per level.
                   A        B        C        D        E       F      G
               +--------+--------+--------+--------+--------+-----+--------+
         Total |   6840 |   6571 |    269 |    538 |   2265 |   8 |  855.0 |
       Dungeon |   6840 |   6571 |    269 |    538 |   2265 |   8 |  855.0 |
               +--------+--------+--------+--------+--------+-----+--------+

Top non-repeatable levels by time:
     D:7: 1151 daAuts
     D:6: 1082 daAuts
     D:2: 1040 daAuts
     D:5: 958 daAuts
     D:4: 785 daAuts
     D:1: 746 daAuts
     D:3: 718 daAuts
     D:8: 357 daAuts
